 Dungeon Crawl Stone Soup version 0.31-a0-656-gb4d89c20fa (webtiles) character file.

Game seed: 15763272414893117388

1720 Dittersdorf the Trooper (level 9, -2/57 HPs)
             Began as a Gargoyle Fighter on Aug 30, 2023.
             Was a Believer of Okawaru.
             Killed by divine providence
             ... invoked by an orc priest
              (15 damage)
             ... on level 6 of the Dungeon.
             The game lasted 00:05:38 (4657 turns).

Dittersdorf the Trooper (Gargoyle Fighter)          Turns: 4657, Time: 00:05:39

Health: -2/57      AC: 23    Str: 23    XL:     9   Next: 4%
Magic:  9/9        EV:  8    Int: 10    God:    Okawaru [**....]
Gold:   355        SH:  6    Dex: 15    Spells: 8/8 levels left

rFire   . . .        h - +0 morningstar
rCold   . . .        c - +0 buckler
rNeg    + . .        p - +0 chain mail
rPois   ∞            (no helmet)
rElec   +            x - +0 cloak
rCorr   .            (no gloves)
SInv    .            a - +0 pair of boots
Will    .....        (no amulet) Stlth
                     q - +6 ring of dexterity
HPRegen 0.29/turn    y - +4 ring of protection
MPRegen 0.11/turn

%: no passive effects
@: marked
A: sickness immunity, AC +6, negative energy resistance 1, electricity
resistance, torment resistance 1, petrification resistance
a: Renounce Religion, Heroism


You were on level 6 of the Dungeon.
You worshipped Okawaru.
Okawaru was pleased with you.
You visited 1 branch of the dungeon, and saw 6 of its levels.

You collected 355 gold pieces.

Inventory:

Hand Weapons
 h - a +0 morningstar (weapon)
Missiles
 i - 6 curare-tipped darts (quivered)
Armour
 a - a +0 pair of boots (worn)
 c - a +0 buckler (worn)
 p - a +0 chain mail (worn)
 s - a +0 plate armour
 x - a +0 cloak (worn)
Jewellery
 q - a +6 ring of dexterity (left hand)
 y - a +4 ring of protection (right hand)
Wands
 B - a wand of flame (18)
Scrolls
 e - a scroll of fog {unknown}
 f - 4 scrolls of teleportation
 g - 4 scrolls of identify {unknown}
 k - a scroll of silence {unknown}
 m - a scroll of fear {unknown}
 o - a scroll of revelation
Potions
 b - a potion of magic {unknown}
 d - a potion of might
 j - a potion of mutation {unknown}
 l - a potion of haste {unknown}
 n - 2 potions of degeneration {unknown}
 r - a potion of brilliance {unknown}
 t - a potion of heal wounds {unknown}
 u - 2 potions of attraction {unknown}
 w - a potion of invisibility {unknown}
 z - 3 potions of curing {unknown}
 A - a potion of berserk rage {unknown}


   Skills:
 + Level 7.0 Fighting
 + Level 6.0 Maces & Flails
 + Level 7.0 Armour
 + Level 6.9 Shields


You had 8 spell levels left.
You didn't know any spells.
Your spell library contained the following spells:

 Spells                   Type           Power      Damage    Failure   Level
 Poisonous Vapours        Pois/Air       0%         N/A       98%         2
 Mephitic Cloud           Conj/Pois/Air  0%         N/A       100%        3
 Freezing Cloud           Conj/Ice/Air   0%         6-21      100%        5


Dungeon Overview and Level Annotations

Branches:
Dungeon (6/15)             Temple (0/1) D:4

Altars:
Dithmenos
Hepliaklqana
Kikubaaqudgha
Okawaru
Sif Muna
Trog

Shops:
D:1 !


Innate Abilities, Weirdness & Mutations

You are immune to sickness and miasma.
Your stone body is resilient. (AC +6)
You are immune to poison.
You resist negative energy. (rN+)
You are resistant to electric shocks. (rElec)
You are resistant to unholy torment.
You are immune to petrification.


Message History

You feel stronger. x2
The phantom attacks as it pursues you!
The phantom hits you but does no damage.
The phantom attacks as it pursues you! The phantom hits you.
You closely miss the phantom.
The phantom hits you but does no damage.
You puncture the phantom!
The phantom is moderately damaged.
The phantom hits you.
The phantom blinks!
You blink.
A sourceless malevolence fills the Dungeon...
With a horrendous wail, an alarm goes off!
A sentinel's mark forms upon you.
You hear a shout! x2; You hear a loud, deep croak!
You hear an angry growl.
You hear a shout! x2; You hear an angry growl.
You hear a shout! x4
The phantom hits you but does no damage.
You hear an angry hiss.
The phantom barely misses you. The phantom attacks as it pursues you!
The phantom barely misses you. The phantom attacks as it pursues you!
The phantom closely misses you.
An orc priest comes into view. It is wielding a +0 dagger.
An orc priest comes into view. It is wielding a +0 hand axe.
A bullfrog comes into view.
An orc wizard and an ogre come into view.
Found a stone staircase leading down.
The phantom attacks as it pursues you! The phantom barely misses you.
An orc comes into view. It is wielding a +0 hand axe.
The ogre moves out of view.
The phantom attacks as it pursues you!
The phantom hits you but does no damage.
The ogre hits you with a +0 giant club!!
A sky beast comes into view.
The phantom hits you.
The phantom blinks!
You blink.
The ogre attacks as it pursues you!
The ogre hits you with a +0 giant spiked club!!
* * * LOW HITPOINT WARNING * * *
The orc priest invokes the aid of Beogh against you.
You are unaffected.
The orc priest mumbles some strange prayers to Beogh against you.
Beogh smites you!
You die...

,* **#########.##.##*,**,,* *,*
,* *,...............,,,,,,* *,*
,* **###.#####.##.##*,***,* *,*
,* *,**,***##.#*.# *,# *,* *,,
,****,**,,,,,..#*.#**.##*,* ***,*
,,,,,,,,<****#.#*.#*....,,* *,,,,
,***#,**** #.##.##..#**,* *,,,,
,* #.########........# *,* *,,∩,
,***#......oo...@.Y...# *,* *,,,,
,,,,.......F##O##.##..##*,***,,,,
,,,,......o..oOW..>.....,,,,,,,,,
,***#.####..#####..#..##*,*******
,* #.# #..# *..#,.# *,* ,* #.#
#.O# *..#,,# *,* ,*
#.####..#####..#,,* *,*
.####.[............#,,* *,*
..........F........#,,* *,*


You could see a sky beast, an ogre, a bullfrog, 2 orc priests and an orc wizard.

Vanquished Creatures
  Sigmund (D:4)
  Duvessa (D:5)
  2 black bears
  3 ogres
  3 phantoms
  3 scorpions (D:5)
  Dowan (D:5)
  A howler monkey (D:4)
  A hound (D:5)
  2 jellies
  3 orc priests
  2 iguanas
  An orc wizard (D:6)
  A sleepcap (D:6)
  11 adders
  7 gnolls
  An ufetubus (D:5)
  A dart slug (D:4)
  17 orcs
  5 ball pythons
  5 bats
  8 endoplasms
  3 giant cockroaches
  A goblin (D:1)
  9 hobgoblins
  2 quokkas
  A frilled lizard (D:1)
  4 kobolds
  7 rats
107 creatures vanquished.

Notes
Turn   | Place    | Note
-------+----------+-------------------------------------------
     0 | D:1      | Dittersdorf the Gargoyle Fighter began the quest for the
                  | Orb.
     0 | D:1      | Reached XP level 1. HP: 14/14 MP: 1/1
    38 | D:1      | Reached XP level 2. HP: 17/19 MP: 2/2
    58 | D:1      | Found a faded altar of an unknown god.
   187 | D:1      | Found Fypregu's Distillery.
   704 | D:2      | Reached XP level 3. HP: 23/23 MP: 3/3
   763 | D:2      | Found a shadowy altar of Dithmenos.
   853 | D:2      | Reached XP level 4. HP: 21/29 MP: 4/4
  1706 | D:3      | Reached XP level 5. HP: 31/33 MP: 5/5
  2170 | D:4      | Noticed an ogre
  2178 | D:4      | Killed an ogre
  2179 | D:4      | Reached XP level 6. HP: 16/39 MP: 6/6
  2320 | D:4      | Found a hazy altar of Hepliaklqana.
  2320 | D:4      | Found an iron altar of Okawaru.
  2320 | D:4      | Found an ancient bone altar of Kikubaaqudgha.
  2328 | D:4      | Became a worshipper of Warmaster Okawaru
  2431 | D:4      | Noticed Sigmund
  2447 | D:4      | Killed Sigmund
  2448 | D:4      | Reached skill level 5 in Fighting
  2448 | D:4      | Reached skill level 5 in Armour
  2448 | D:4      | Reached skill level 5 in Shields
  2448 | D:4      | Reached XP level 7. HP: 32/44 MP: 7/7
  2563 | D:4      | Found a staircase to the Ecumenical Temple.
  2783 | D:4      | Reached * piety under Okawaru
  3176 | D:5      | Entered Level 5 of the Dungeon
  3257 | D:5      | Reached XP level 8. HP: 38/51 MP: 8/8
  3468 | D:5      | Found a bloodstained altar of Trog.
  3584 | D:5      | Reached skill level 5 in Maces & Flails
  3963 | D:5      | Reached ** piety under Okawaru
  4171 | D:5      | Noticed Duvessa
  4171 | D:5      | Noticed Dowan
  4182 | D:5      | Killed Duvessa
  4187 | D:5      | Killed Dowan
  4483 | D:5      | Found a shimmering blue altar of Sif Muna.
  4639 | D:6      | Reached XP level 9. HP: 51/57 MP: 9/9
  4657 | D:6      | Killed from afar by an orc priest

Illustrated notes

Levels and vault maps discovered:
D:1:      dpeg_arrival_connections, layout_loops_ring,
          chequers_ecumenical_altar_simple_redux, serial_shops, shop
D:2:      layout_basic, basic_altar, chequers_serial_rivers_micro_d
D:3:      layout_basic
D:4:      layout_loops_ring, grunt_temple_overflow_open,
          lemuel_temple_firewalk_b, sigmund_army, uniq_sigmund
D:5:      layout_loops_cross, bloody_trog, lemuel_blue_sif_altar,
          nicolae_hexahallways, uniq_duvessa
D:6:      layout_basic, cheibrodos_sewer_entry_bend, enter_ossuary_1,
          chequers_serial_rivers_small_3

Skill      XL: |  1  2  3  4  5  6  7  8 |
---------------+-------------------------+-----
Armour         | 4 5 7 |  7.0
Fighting       | 4 5 7 |  7.0
Maces & Flails | 3 4 6 |  6.0
Shields        | 4 5 6 |  6.9

Action                     |  1- 3 |  4- 6 |  7- 9 || total
---------------------------+-------+-------+-------++-------
  Melee: Flail             |    28 |       |       ||    28
         Morningstar       |    59 |   120 |   226 ||   405
  Throw: Dart              |       |     1 |     2 ||     3
    Use: Scroll            |       |       |     3 ||     3
 Armour: Scale mail        |    35 |    27 |       ||    62
         Chain mail        |       |    50 |   173 ||   223
  Dodge: Dodged            |    40 |    61 |   111 ||   212
  Block: Buckler           |    21 |    32 |    88 ||   141

Table legend: (Time is in decaauts)
 A = Elapsed time spent in this place.
 B = Non-inter-level travel time spent in this place.
 C = Inter-level travel time spent in this place.
 D = Time resting spent in this place.
 E = Time spent auto-exploring this place.
 F = Levels seen in this place.
 G = Mean time per level.
                   A        B        C        D        E       F      G
               +--------+--------+--------+--------+--------+-----+--------+
         Total |   4798 |   4567 |    231 |    279 |   3233 |   6 |  799.7 |
       Dungeon |   4798 |   4567 |    231 |    279 |   3233 |   6 |  799.7 |
               +--------+--------+--------+--------+--------+-----+--------+

Top non-repeatable levels by time:
     D:5: 1288 daAuts
     D:4: 1284 daAuts
     D:1: 792 daAuts
     D:2: 691 daAuts
     D:3: 652 daAuts
     D:6: 89 daAuts
